 Dungeon Crawl Stone Soup version 0.31-a0-632-g766dd24fdf (webtiles) character file.

Game seed: 7406541054365688058

541 Ofeo the Sneak (level 7, -4/36 HPs)
             Began as a Kobold Earth Elementalist on Aug 25, 2023.
             Shot with an arrow by a centaur (10 damage)
             ... on level 5 of the Dungeon.
             The game lasted 00:08:41 (5709 turns).

Ofeo the Sneak (Kobold Earth Elementalist)          Turns: 5709, Time: 00:08:41

Health: -4/36      AC:  5    Str:  5    XL:     7   Next: 51%
Magic:  13/13      EV: 17    Int: 17    God:
Gold:   8          SH:  0    Dex: 21    Spells: 8/14 levels left

rFire   + . .        i - +4 arbalest of Prudence {drain, Dex+4 Stlth-}
rCold   + + .        (shield currently unavailable)
rNeg    . . .        a - +0 robe
rPois   .            o - +1 helmet
rElec   .            p - scarf {rC+ rF+}
rCorr   .            h - +0 pair of gloves
SInv    .            (no boots)
Will    .....        (no amulet)
Stlth   +++          e - ring of protection from cold
HPRegen 0.26/turn    (no ring)
MPRegen 0.13/turn

%: no passive effects
@: no status effects
A: small, no large weapons, nightstalker 3
a: no special abilities


You were on level 5 of the Dungeon.
You visited 1 branch of the dungeon, and saw 5 of its levels.

You collected 179 gold pieces.
You spent 171 gold pieces at shops.

Inventory:

Hand Weapons
 f - a +2 dagger of pain
 i - the +4 arbalest of Prudence (weapon) {drain, Dex+4 Stlth-}
   (You bought it in a shop on level 2 of the Dungeon)

   Dex+4:     It affects your dexterity (+4).
   Stlth-:    It makes you less stealthy.
 j - the +6 war axe of Ligg {distort, rElec rN+ Dex+5}
   (You found it on level 4 of the Dungeon)

   Dex+5:     It affects your dexterity (+5).
   rElec:     It insulates you from electricity.
   rN+:       It protects you from negative energy.
 n - a +1 spectral club
Armour
 a - a +0 robe (worn)
 h - a +0 pair of gloves (worn)
 o - a +1 helmet (worn)
 p - a scarf of resistance (worn)
Jewellery
 e - a ring of protection from cold (left hand)
Wands
 c - a wand of flame (11)
 l - a wand of mindburst (9)
 m - a wand of charming (3)
Scrolls
 g - 3 scrolls of teleportation {@r3}
 k - 4 scrolls of immolation
 s - a scroll of vulnerability {unknown}
Potions
 b - a potion of magic
 r - a potion of resistance {@q6}


   Skills:
 - Level 4.2 Dodging
 - Level 4.9 Stealth
 + Level 4.0 Spellcasting
 + Level 1.3 Conjurations
 + Level 3.4 Transmutations
 + Level 4.4 Earth Magic


You had 8 spell levels left.
You knew the following spells:

 Your Spells              Type           Power      Damage    Failure   Level
a - Sandblast             Erth           36%        2d10      2%          1
b - Passwall              Tmut/Erth      13%        N/A       4%          2
c - Stone Arrow           Conj/Erth      26%        3d8       14%         3

Your spell library contained the following spells:

 Spells                   Type           Power      Damage    Failure   Level
 Magic Dart               Conj           32%        1d4       9%          1
 Searing Ray              Conj           16%        2d5       14%         2
 Petrify                  Tmut/Erth      16%        N/A       30%         4
 Fulminant Prism          Conj/Hex       2%         3d5       75%         4


Dungeon Overview and Level Annotations

Branches:
Dungeon (5/15)             Temple (0/1) D:4

Altars:
Kikubaaqudgha
Qazlal
Vehumet

Shops:
D:2 (   D:3 :


Innate Abilities, Weirdness & Mutations

You are small and have problems with some larger weapons.
You are completely attuned to the shadows.


Message History

MASSIVE DAMAGE!!
You now have 11/13 mp.
Okay, then.
The centaur shoots an arrow.
The arrow completely misses you.
The centaur shoots an arrow.
The arrow misses you.
You hear a shout!
Fire: i) +4 arbalest of Prudence {drain, Dex+4 Stlth-}
Press: ? - help, Q - select action, (/) - cycle Shift-Dir - straight line, f - centaur
Aim: a centaur, wielding a +0 orcbow (lightly wounded, 72% to hit)
You shoot a bolt. The bolt hits the centaur.
You drain the centaur.
The centaur is heavily wounded.
The centaur unwields a +0 orcbow.
The centaur barely misses you.
The centaur kicks you but does no damage.
The centaur shoots an arrow.
The arrow hits you.
* * * LOW HITPOINT WARNING * * *
The centaur misses you.
The centaur kicks you but does no damage.
The centaur shoots an arrow.
The arrow closely misses you. The centaur barely misses you.
The centaur kicks you.
* * * LOW HITPOINT WARNING * * *
You take 4 damage, and have 2/36 hp.
You feel better. The centaur closely misses you. x2
The centaur shoots an arrow.
The arrow misses you.
You regained 5 hp, and now have 7/36 hp.
As you read the scroll of fog, it dissolves into smoke.
The centaur closely misses you. The centaur barely misses you.
The centaur shoots an arrow.
The arrow barely misses you.
The centaur shoots an arrow.
The arrow barely misses you. The centaur closely misses you.
The centaur barely misses you.
Fire: i) +4 arbalest of Prudence {drain, Dex+4 Stlth-}
Press: ? - help, Q - select action, (/) - cycle Shift-Dir - straight line, f/p - centaur
Aim: a centaur (black smoke, heavily wounded, lightly drained, 72% to hit)
You shoot a bolt. The bolt hits the centaur.
The centaur is severely wounded.
The centaur shoots an arrow.
The arrow barely misses you. The centaur hits you.
* * * LOW HITPOINT WARNING * * *
The centaur kicks you but does no damage.
The centaur shoots an arrow.
The arrow barely misses you.
The centaur completely misses you. x2; The centaur shoots an arrow.
The arrow hits you!
You die...

#.##..>.....####
#.......###..#
.......## ####
#..........#
#..........#
#.....##.###
#....§##§#
#.c§§§# #.##@§##
#. #..#c§§### #.
#..#§§§..# #.
#...#.#...
###.###..#.....
#....##...#.#..
........#.#.# .
.##c##.......
#.c ##.......


You could see 2 centaurs.

Vanquished Creatures
  An ogre (D:4)
  A scorpion (D:4)
  A hound (D:2)
  2 orc priests (D:3)
  A sleepcap (D:4)
  Ijyb (D:4)
  Terence (D:2)
  An orc wizard (D:4)
  Robin (D:4)
  5 adders
  4 shadow imps
  3 worms
  3 dart slugs
  5 orcs
  7 ball pythons
  3 bats
  A bat zombie (D:4)
  5 endoplasms
  5 giant cockroaches
  16 goblins
  10 hobgoblins
  5 jackals
  7 kobolds
  A quokka (D:1)
  A frilled lizard (D:1)
  6 rats
  2 rat zombies (D:4)
99 creatures vanquished.

Notes
Turn   | Place    | Note
-------+----------+-------------------------------------------
     0 | D:1      | Ofeo the Kobold Earth Elementalist began the quest for the
                  | Orb.
     0 | D:1      | Reached XP level 1. HP: 10/10 MP: 3/3
   320 | D:1      | Reached XP level 2. HP: 15/15 MP: 3/5
   756 | D:1      | Reached XP level 3. HP: 19/19 MP: 4/6
  1425 | D:1      | Learned a level 2 spell: Passwall
  1429 | D:1      | Learned a level 3 spell: Stone Arrow
  1566 | D:2      | Noticed Terence
  1578 | D:2      | Killed Terence
  1579 | D:2      | Reached XP level 4. HP: 4/24 MP: 0/8
  1760 | D:2      | Identified the +0 scale mail of Hepliaklqana's Grace
                  | {Rampage rC+}
  1919 | D:2      | Reached XP level 5. HP: 22/28 MP: 3/9
  2098 | D:2      | Found Xaurimie's Antique Weapon Shoppe.
  2845 | D:3      | Found a stormy altar of Qazlal.
  2906 | D:3      | Found a faded altar of an unknown god.
  3167 | D:3      | Found Waacefix's Book Boutique.
  3241 | D:3      | Found a transporter.
  3265 | D:3      | Found a transporter.
  4121 | D:3      | Reached XP level 6. HP: 32/32 MP: 10/10
  4388 | D:4      | Found a radiant altar of Vehumet.
  4525 | D:4      | Noticed an ogre
  4531 | D:4      | Found a staircase to the Ecumenical Temple.
  4548 | D:4      | Identified the +6 war axe of Ligg {distort, rElec rN+
                  | Dex+5}
  4555 | D:4      | Killed an ogre
  4556 | D:4      | Reached XP level 7. HP: 36/36 MP: 7/12
  4885 | D:4      | Found an ancient bone altar of Kikubaaqudgha.
  5114 | D:4      | Reached skill level 1 in Conjurations
  5146 | D:4      | Noticed Ijyb
  5163 | D:4      | Noticed Robin
  5179 | D:4      | Killed Ijyb
  5197 | D:4      | Killed Robin
  5385 | D:2      | Bought a dazzling arbalest for 171 gold pieces
  5385 | D:2      | Identified the +4 arbalest of Prudence {drain, Dex+4
                  | Stlth-} (You bought it in a shop on level 2 of the Dungeon)
  5658 | D:5      | Entered Level 5 of the Dungeon
  5709 | D:5      | Shot with an arrow by a centaur

Illustrated notes

Levels and vault maps discovered:
D:1:      nzn_arrival_depleted_hourglass, layout_loops_ring
D:2:      layout_rooms, serial_shops, shop, nicolae_titane, uniq_terence
D:3:      gammafunk_wand_slinger, layout_basic, lemuel_round_altar,
          serial_shops, nicolae_shop_crystal, shapermc_ecumenical_altar_pompeii
D:4:      layout_rooms, lemuel_doored_altar, lemuel_tele_altar,
          lemuel_zombie_altar_kikubaaqudgha, minmay_temple_entry_antechambers,
          nicolae_goblin_pals
D:5:      layout_rooms, mainiacjoe_overflow_alcove_1, minmay_manual_mares

Skill      XL: |  1  2  3  4  5  6  7 |
---------------+----------------------+-----
Stealth        | 3 4 |  4.9
Dodging        | 3 4 |  4.2
Transmutations | 2 3 |  3.4
Spellcasting   | 3 4 |  4.0
Earth Magic    | 4 |  4.4
Conjurations   | 1 |  1.3

Action                     |  1- 3 |  4- 6 |  7- 9 || total
---------------------------+-------+-------+-------++-------
  Melee: Dagger            |     3 |     5 |    16 ||    24
         Punch             |       |     1 |     1 ||     2
         Club              |       |       |     3 ||     3
   Fire: Arbalest          |       |       |    17 ||    17
   Cast: Sandblast         |    49 |    75 |    32 ||   156
         Stone Arrow       |       |     1 |       ||     1
         Passwall          |       |       |     1 ||     1
  Evoke: Wand              |       |     4 |     2 ||     6
    Use: Potion            |     1 |       |     3 ||     4
         Scroll            |       |     7 |     2 ||     9
 Armour: Skin              |     1 |     2 |       ||     3
         Robe              |       |     1 |    10 ||    11
  Dodge: Dodged            |    11 |    15 |    48 ||    74

Table legend: (Time is in decaauts)
 A = Elapsed time spent in this place.
 B = Non-inter-level travel time spent in this place.
 C = Inter-level travel time spent in this place.
 D = Time resting spent in this place.
 E = Time spent auto-exploring this place.
 F = Levels seen in this place.
 G = Mean time per level.
                   A        B        C        D        E       F      G
               +--------+--------+--------+--------+--------+-----+--------+
         Total |   5784 |   5391 |    393 |    276 |   4490 |   5 | 1156.8 |
       Dungeon |   5784 |   5391 |    393 |    276 |   4490 |   5 | 1156.8 |
               +--------+--------+--------+--------+--------+-----+--------+

Top non-repeatable levels by time:
     D:3: 2000 daAuts
     D:1: 1450 daAuts
     D:4: 1189 daAuts
     D:2: 1089 daAuts
     D:5: 54 daAuts
